 Dungeon Crawl Stone Soup version 0.17-a0-4-gb793c6d (webtiles) character file.

102 Ololoev the Conjurer (level 4, -3/27 HPs)
             Began as an Octopode Fire Elementalist on Mar 4, 2015.
             Shot with a stone by a goblin (4 damage)
             ... led by Robin
             ... on level 2 of the Dungeon.
             The game lasted 00:08:57 (3414 turns).

Ololoev the Conjurer (Octopode Fire Elementalist)   Turns: 3414, Time: 00:08:57

Health: -3/27      AC:  1    Str:  7    XL:     4   Next: 78%
Magic:  1/7        EV: 12    Int: 18    God:
Gold:   51         SH:  0    Dex: 12    Spells: 2 memorised, 3 levels left

rFire  . . .     SeeInvis .     d - -3 dagger (curse)
rCold  . . .     Clarity  .     (no shield)
rNeg   . . .     SustAb   .     (helmet restricted)
rPois  .         Gourm    .     (no amulet)
rElec  .         Spirit   .     (no ring)
rCorr  .         Warding  .     (no ring)
rMut   .         Stasis   .     (no ring)
MR     .....                    (no ring)
Stlth  +++.......               (no ring)
                                (no ring)
                                (no ring)
                                (no ring)

@: very slightly contaminated, not resistant to hostile enchantments, fairly
stealthy
A: almost no armour, amphibious, 8 rings, constrict 8, camouflage 1, gelatinous
body 1
a: no special abilities


You were on level 2 of the Dungeon.
You were hungry.

You visited 1 branch of the dungeon, and saw 3 of its levels.

You collected 51 gold pieces.

Notes
Turn   | Place    | Note
--------------------------------------------------------------
     0 | D:1      | Ololoev, the Octopode Fire Elementalist, began the quest for the Orb.
     0 | D:1      | Reached XP level 1. HP: 11/11 MP: 3/3
   645 | D:1      | Reached XP level 2. HP: 7/17 MP: 0/4
  1480 | D:2      | Reached XP level 3. HP: 21/21 MP: 4/6
  1615 | D:2      | Found a basalt altar of Yredelemnul.
  2404 | D:2      | Learned a level 3 spell: Conjure Flame
  2442 | D:2      | Reached XP level 4. HP: 27/27 MP: 3/7
  2458 | D:2      | Noticed Jessica
  2472 | D:2      | Killed Jessica
  2572 | D:2      | Noticed Robin
  3399 | D:2      | Killed Robin
  3413 | D:2      | HP: 1/27 [goblin/stone[Robin] (8)]
  3414 | D:2      | Shot with a stone by a goblin

Inventory:

Hand weapons
 d - a cursed -3 dagger (weapon)
Scrolls
 e - 2 scrolls of fog {unknown}
 h - a scroll of recharging {unknown}
 i - a scroll of teleportation {unknown}
 m - a scroll of magic mapping {unknown}
 p - a scroll of enchant weapon {unknown}
Potions
 a - a potion of cancellation {unknown}
 f - a potion of resistance {unknown}
 g - a potion of brilliance {unknown}
 j - 2 potions of poison {unknown}
 k - 2 potions of curing {unknown}
 l - a potion of experience {unknown}
 n - 2 potions of agility {unknown}
 o - a potion of might {unknown}
Books
 b - a book of Flames

   Spells                             Type                      Level
   a - Flame Tongue                   Conjuration/Fire             1
   b - Throw Flame                    Conjuration/Fire             2
   c - Conjure Flame                  Conjuration/Fire             3
   d - Inner Flame                    Hexes/Fire                   3
   e - Sticky Flame                   Conjuration/Fire             4
   f - Fireball                       Conjuration/Fire             5
Comestibles
 c - 2 bread rations

Table legend:
 A = Turns spent in this place as a percentage of turns spent in the entire game.
 B = Non-inter-level travel turns spent in this place as a percentage of non-inter-level travel turns spent in the entire game.
 C = Inter-level travel turns spent in this place as a percentage of turns spent in this place.
 D = Turns resting spent in this place as a percentage of non-inter-level travel turns spent in this place.
 E = Turns spent auto-exploring this place as a percentage of non-inter-level travel turns spent in this place.
 F = Non-inter-level travel turns spent in this place divided by the number of levels of this place that you've seen.
                   A       B       C       D       E      F
               +-------+-------+-------+-------+-------+----------------------
         Total | 100.0 | 100.0 |   0.7 |  11.3 |  12.3 | 189.3
       Dungeon | 100.0 | 100.0 |   0.7 |  11.3 |  12.3 | 189.3
               +-------+-------+-------+-------+-------+----------------------


   Skills:
 - Level 2.0 Dodging
 - Level 2.6 Stealth
 - Level 2.0 Spellcasting
 * Level 3.8 Conjurations
 + Level 3.7 Fire Magic


You had 3 spell levels left.
You knew the following spells:

 Your Spells              Type           Power        Failure   Level  Hunger
a - Flame Tongue          Conj/Fire      ###..        4%          1    #......
b - Conjure Flame         Conj/Fire      ###.....     14%         3    ###....


Dungeon Overview and Level Annotations

Branches:
Dungeon (3/15)

Altars:
Yredelemnul


Innate Abilities, Weirdness & Mutations

You cannot wear most types of armour.
You are amphibious.
You can wear up to eight rings at the same time.
You can use your tentacles to constrict many enemies at once.
Your skin changes colour to match your surroundings (Stealth).
Your rubbery body absorbs attacks (AC +1).


Message History

The goblin wields an uncursed hunting sling.
The goblin shoots a stone.
The stone barely misses you.
Casting: Flame Tongue
Confirm with . or Enter, or press ? or * to list all spells.
Aiming: Flame Tongue
Press: ? - help, Shift-Dir - straight line, f - goblin
Aim: a goblin, wielding a hunting sling (consumed by blood-lust)
The flame tongue hits the goblin.
You kill the goblin!
The goblin shouts!
Casting: Flame Tongue
Confirm with . or Enter, or press ? or * to list all spells.
Aiming: Flame Tongue
Press: ? - help, Shift-Dir - straight line, f - goblin
Aim: a goblin (consumed by blood-lust)
You miscast Flame Tongue.
You are very lightly contaminated with residual magic.
Nothing appears to happen.
The goblin closely misses you.
Casting: Flame Tongue
Confirm with . or Enter, or press ? or * to list all spells.
Aiming: Flame Tongue
Press: ? - help, Shift-Dir - straight line, f/p - goblin
Aim: a goblin (consumed by blood-lust)
The flame tongue hits the goblin.
You kill the goblin!
The goblin wields a hunting sling.
The goblin shoots a stone.
The stone barely misses you.
There is a stone staircase leading down here.
The goblin shoots a stone.
The stone hits you.
You see here a stone.
The goblin shoots a stone.
The stone barely misses you.
You see here a stone.
The goblin shoots a stone.
The stone hits you.
You see here a stone.
The goblin shoots a stone.
The stone completely misses you.
The goblin shoots a stone.
The stone hits you!
There is a stone staircase leading up here.
You see here a stone.
The goblin shoots a stone.
The stone hits you.
You die...

###.#.######.########.##..#.# #.
...........#......# #.##..#.# #.
###.#.#.##.#.#..#.###.##..#.# #.
.##.#.#................#..#.# #.
.##.#.#.##.#.#.##.##..##..#.# #.
.##.#.#...................#.# #.
.............#.#.....####.#.# #.
.##.###.###..#.#..(...##########.
........###...[.@.#.###......#.#.
.##.###g.###g#.####(###.#..#.#.#.
....)((..g.gg.)†.>((..(..##..#.#.
.##.####..####.##.#.#.'..##..#.#.
.##..[.........##.#.###.#..#.#.#.
.########.#######)#.# #......#.#.
.# #.## #)#.# ########.#. ## #gg#
#.#.#######.##.#. ##.##
#.#..........#.#.


You could see 2 goblins.

Table legend:
 A = Kills in this place as a percentage of kills in entire the game.
 B = Kills by you in this place as a percentage of kills by you in the entire game.
 C = Kills by friends in this place as a percentage of kills by friends in the entire game.
 D = Other kills in this place as a percentage of other kills in the entire game.
 E = Experience gained in this place as a percentage of experience gained in the entire game.
 F = Experience gained in this place divided by the number of levels of this place that you have seen.
                   A       B       C       D       E      F
               +-------+-------+-------+-------+-------+----------------------
         Total | 100.0 | 100.0 |  -nan |  -nan | 100.0 |  49.0
       Dungeon | 100.0 | 100.0 |  -nan |  -nan | 100.0 |  49.0
               +-------+-------+-------+-------+-------+----------------------

Vanquished Creatures
  Jessica (D:2)
  Robin (D:2)
  2 adders (D:2)
  A worm (D:2)
  4 giant geckos
  2 bats
  4 giant cockroaches
  6 hobgoblins
  3 jackals (D:1)
  4 kobolds (D:1)
  A quokka (D:2)
  11 goblins
  4 rats
44 creatures vanquished.

Vanquished Creatures (others)
  A goblin (D:2)
1 creature vanquished.

Grand Total: 45 creatures vanquished

Action                   |  1- 3 |  4- 6 || total
-------------------------+-------+-------++-------
Melee: Dagger            |    20 |     4 ||    24
       Unarmed           |     1 |       ||     1
 Cast: Flame Tongue      |    45 |    28 ||    73
 Stab: Sleeping          |     6 |     1 ||     7
  Eat: Chunk             |     5 |     3 ||     8

Vault maps used:
D:1:      dpeg_arrival_stone_temple_mockup, minmay_misc_feat_ornament
D:2:      lemuel_coloured_pillars_altar, kennysheep_generic_room_15,
          uniq_jessica, uniq_robin
D:3:      old_standard_altar, gammafunk_temple_overflow_claw, uniq_natasha,
          uniq_sigmund
